 Dungeon Crawl Stone Soup version 0.25-a0-426-g7d9e569eea (webtiles) character file.

Game seed: 17372564770497784097, levelgen mode: deterministic

0 Gargoyl the Skirmisher (level 1, -11/19 HPs)
             Began as a Centaur Abyssal Knight on Jan 25, 2020.
             Was a Follower of Lugonu.
             Mangled by a draconian
             ... wielding a +0 flail
              (13 damage)
             ... on level 3 of the Abyss.
             The game lasted 00:00:17 (51 turns).

Gargoyl the Skirmisher (Centaur Abyssal Knight)       Turns: 51, Time: 00:00:18

Health: -11/19     AC:  0    Str: 14    XL:     1   Next: 0%
Magic:  2/2        EV: 18    Int: 11    God:    Lugonu [*.....]
Gold:   0          SH:  0    Dex: 13    Spells: 0/0 levels left

rFire    . . .     SeeInvis .   (weapon currently unavailable)
rCold    . . .     Gourm    .   (shield currently unavailable)
rNeg     . . .     Faith    .   (armour currently unavailable)
rPois    .         Spirit   .   (helmet currently unavailable)
rElec    .         Reflect  .   (cloak currently unavailable)
rCorr    .         Harm     .   (gloves currently unavailable)
MR       .....                  (no barding)
Stlth    +.........             (no amulet)
HPRegen  0.00/turn              (ring currently unavailable)
MPRegen  0.08/turn              (ring currently unavailable)

@: bat-form, flying, non-regenerating, diseased, glowing, very quick
A: tiny
a: Depart the Abyss, Renounce Religion


You were on level 3 of the Abyss.
You worshipped Lugonu.
Lugonu was aware of your devotion.
You were not hungry.
You were in bat-form.
You visited 0 branches of the dungeon, and saw 0 of its levels.
You visited the Abyss 1 time.

Inventory:

Hand Weapons
 a - a +1 hand axe (melded)
Armour
 b - a +0 leather armour (melded)
Wands
 d - a wand of polymorph (3)
Comestibles
 c - 2 rations


   Skills:
 + Level 3.0 Fighting
 + Level 1.7 Axes
 + Level 1.3 Armour
 + Level 0.6 Dodging
 + Level 2.0 Invocations


You couldn't memorise any spells.
You didn't know any spells.
Your spell library was empty.

Dungeon Overview and Level Annotations

Branches:
Dungeon (0/15)

Altars:

Annotations:
Abyss:3 1 transporter


Innate Abilities, Weirdness & Mutations

((You have hooves in place of feet.))
((Armour fits poorly on your strangely shaped body.))
((You cover ground very quickly.))
((You have extremely tough skin. (AC +3)))


Message History

The Shining One smites you!
Ouch! That really hurt!
* * * LOW HITPOINT WARNING * * *
As you open the door, it creaks loudly!
A draconian and a draconian shifter come into view.
The draconian roars!
The yellow draconian shifter roars!
A draconian comes into view. It is wielding a +0 flail.
The yellow draconian shifter gestures wildly while chanting.
The draconian blinks!
The small abomination barely misses you.
You hear a chilling moan.
There is an open door here.
Unknown command.
You hit the draconian but do no damage.
The lurking horror explodes!
The draconian convulses!
You feel a surge of unholy energy.
The daeva convulses!
The draconian convulses!
The daeva convulses!
The yellow draconian shifter convulses!
The draconian hits you with a +0 flail!
Ouch! That really hurt!
You die...

#+## ##
#..##.#
.....#
###..!# #
'A..#
###Y..#+
#..A...#
##.d##.#
#b## ##
#dx..#
...ยง..#
#...q.....
#......#..
##....## .
######


You could see a hellephant, 2 daevas, a yellow draconian shifter, 2 draconians
and a small abomination.

Vanquished Creatures (others)
  A lurking horror (Abyss:3)
1 creature vanquished.

Notes
Turn   | Place    | Note
-------+----------+-------------------------------------------
     0 | Abyss:1  | Gargoyl the Centaur Abyssal Knight began the quest for the
                  | Orb.
     0 | Abyss:1  | Reached XP level 1. HP: 19/19 MP: 2/2
    35 | Abyss:2  | Noticed an ancient zyme
    43 | Abyss:3  | Noticed a daeva
    43 | Abyss:3  | Noticed a daeva
    45 | Abyss:3  | Found a transporter.
    45 | Abyss:3  | Noticed a hellephant
    49 | Abyss:3  | Noticed a draconian
    49 | Abyss:3  | Noticed a yellow draconian shifter
    49 | Abyss:3  | Noticed a draconian
    51 | Abyss:3  | Noticed a small abomination
    51 | Abyss:3  | Mangled by a draconian

Levels and vault maps discovered:
Abyss:3:  gammafunk_abyss_rune_reverse_zot

Action                   || total
-------------------------++-------
Melee: Unarmed           ||     1
Evoke: Wand              ||     1
Dodge: Dodged            ||     1

Table legend:
 A = Non-vault XP
 B = Vault XP
 C = Vault XP percentage of total XP
 D = Non-vault monster count
 E = Vault monster count
 F = Vault count percentage of total count
                 A         B        C        D         E       F
            +---------+---------+-------+---------+---------+-------
      Total |       0 |       0 |   N/A |       0 |       0 |  -nan
            +---------+---------+-------+---------+---------+-------
            +---------+---------+-------+---------+---------+-------
